 Dungeon Crawl Stone Soup version 0.20.0-10-g0535bb4 (webtiles) character file.

5801 vatarom the Zephyrmancer (level 10, -10/50 HPs)
             Began as a Tengu Air Elementalist on June 4, 2017.
             Was a High Priest of Sif Muna.
             Killed from afar by a gargoyle (28 damage)
             ... with a stone arrow
             ... on level 10 of the Dungeon.
             The game lasted 00:28:53 (10749 turns).

vatarom the Zephyrmancer (Tengu Air Elementalist)  Turns: 10749, Time: 00:28:53

Health: -10/50     AC: 10    Str:  8    XL:     10   Next: 79%
Magic:  0/20       EV: 13    Int: 19    God:    Sif Muna [*****.]
Gold:   404        SH:  0    Dex: 15    Spells: 1/21 levels left

rFire    + . .     SeeInvis +   E - +5 trident (curse)
rCold    . . .     Gourm    .   (no shield)
rNeg     . . .     Faith    .   z - +2 robe {rF+}
rPois    +         Spirit   .   (helmet restricted)
rElec    .         Reflect  .   i - +2 cloak
rCorr    .         Harm     +   h - +0 pair of gloves
MR       +....                  (boots unavailable)
Stlth    ++........             o - amulet of harm
Regen    0.0/turn               G - ring of poison resistance
MPRegen  0.2/turn               j - ring of protection from magic

@: no casting
A: beak, talons 3, iridescent scales 1, see invisible, inhibited regeneration,
able to fly 1
a: Fly, Stop Divine Energy, Channel Magic, Forget Spell, Renounce Religion


You were on level 10 of the Dungeon.
You worshipped Sif Muna.
Sif Muna was extremely pleased with you.
You were not hungry.

You visited 1 branch of the dungeon, and saw 10 of its levels.

You collected 404 gold pieces.

Inventory:

Hand Weapons
 E - a cursed +5 trident (weapon)
Armour
 h - a +0 pair of gloves (worn)
 i - a +2 cloak (worn)
 z - a +2 robe of fire resistance (worn)
Jewellery
 j - a ring of protection from magic (right hand)
 o - an amulet of harm (around neck)
 w - a +4 amulet of reflection
 A - an uncursed ring of stealth
 G - a ring of poison resistance (left hand)
Wands
 s - a wand of random effects (17/48)
Scrolls
 e - 5 scrolls of remove curse
 k - a scroll of recharging
 l - a scroll of enchant weapon
 r - a scroll of amnesia
 t - a scroll of teleportation
Potions
 d - a potion of curing
 g - a potion of invisibility
 p - 3 potions of brilliance
 q - a potion of agility
Books
 b - Punumakeysio's Handbook of Conjuration
   (Sif Muna gifted it to you on level 10 of the Dungeon)

   Spells                             Type                      Level
   a - Magic Dart                     Conjuration                  1
   b - Throw Frost                    Conjuration/Ice              2
   c - Iskenderun's Battlesphere      Conjuration/Charms           5
   d - Bolt of Cold                   Conjuration/Ice              6
 m - a book of Callings

   Spells                             Type                      Level
   a - Summon Small Mammal            Summoning                    1
   b - Call Imp                       Summoning                    2
   c - Call Canine Familiar           Summoning                    3
   d - Summon Guardian Golem          Hexes/Summoning              3
   e - Summon Lightning Spire         Summoning/Air                4
   f - Summon Ice Beast               Ice/Summoning                4
 n - a book of Necromancy

   Spells                             Type                      Level
   a - Pain                           Necromancy                   1
   b - Animate Skeleton               Necromancy                   1
   c - Vampiric Draining              Necromancy                   3
   d - Regeneration                   Charms/Necromancy            3
   e - Animate Dead                   Necromancy                   4
   f - Control Undead                 Necromancy                   4
Miscellaneous
 B - a phantom mirror
Comestibles
 a - a royal jelly
 u - 3 meat rations
 C - 5 bread rations
 H - 3 chunks of flesh


   Skills:
 - Level 2.1 Dodging
 - Level 2.0 Stealth
 - Level 6.3 Spellcasting
 + Level 10.5 Conjurations
 - Level 3.1 Translocations
 * Level 14.3 Air Magic


You had one spell level left.
You knew the following spells:

 Your Spells              Type           Power        Failure   Level  Hunger
a - Shock                 Conj/Air       ####         1%          1    None
b - Swiftness             Chrm/Air       ####....     1%          2    None
c - Static Discharge      Conj/Air       ######..     1%          3    ##.....
d - Airstrike             Air            ######....   1%          4    ####...
e - Lightning Bolt        Conj/Air       ######....   1%          5    #####..
f - Summon Lightning Spi  Summ/Air       ####....     5%          4    ####...
g - Apportation           Tloc           ###...       3%          1    None


Dungeon Overview and Level Annotations

Branches:
Dungeon (10/15)            Temple (0/1) D:5            Lair (0/6) D:10
    Orc: D:9-12

Altars:
Gozag
Kikubaaqudgha
Nemelex Xobeh
Sif Muna
Yredelemnul

Annotations:
D:5 2 runed doors


Innate Abilities, Weirdness & Mutations

You have a beak for a mouth.
You have claws for feet.
You can fly.
You are partially covered in iridescent scales. (AC +2)
You have supernaturally acute eyesight. (SInv)
You do not regenerate when monsters are visible.


Message History

Sif Muna grants you divine energy.
You briefly lose access to your magic!
You regain access to your magic.
Casting: Airstrike
Confirm with . or Enter, or press ? or * to list all spells.
Aiming: Airstrike
Press: ? - help, Dir - move target cursor, f/p - gargoyle
Aim: a gargoyle, wielding a mace (moderately damaged)
The air twists around and violently strikes the gargoyle!
The gargoyle is severely damaged.
Sif Muna grants you divine energy.
You briefly lose access to your magic!
The gargoyle hurls a stone arrow at you.
The stone arrow hits you!
* * * LOW HITPOINT WARNING * * *
You feel better.
The gargoyle hurls a stone arrow at you.
The stone arrow hits you!
Ouch! That really hurt!
You die...

..# ###.# ##.#.#
##....### ........
... #.. ... ..##..
#.# #.# #...#.#.# #9#
#@###.).P...#
#.###.##.........#
#.##..#P.......P.P
#.##.#......P..(..♣
#..9............♣r.#
#
####...P......P..lP.
# #.P..♣........... #
....♣..P...>P..P..P##
####..PP.PP..P♣..r...


You could see a gargoyle.

Vanquished Creatures
  The ghost of Gorglomux the Grappler, a novice TrAr of the Shining One (D:6)
  Maurice (D:8)
  A troll (D:9)
  Prince Ribbit (D:9)
  A spriggan (D:7)
  4 yaks (D:10)
  Grum (D:8)
  The ghost of nikopol the Shooter, an amateur CeHu (D:4)
  Menkaure (D:6)
  2 basilisks (D:10)
  3 porcupines (D:10)
  2 hornet zombies
  A phantom (D:4)
  2 wolves (D:8)
  3 ogres
  4 bullfrogs
  A scorpion (D:5)
  5 killer bees (D:8)
  6 wights
  2 howler monkeys
  A bullfrog zombie (D:5)
  3 crimson imps (D:5)
  2 centaur zombies
  7 hounds
  An orc priest (D:6)
  4 orc wizards
  A quasit (D:9)
  A bullfrog skeleton (D:6)
  9 iguanas
  8 worker ants
  A hound zombie (D:5)
  2 worker ant zombies (D:5)
  A howler monkey zombie (D:5)
  3 gnolls (D:6)
  11 adders
  A shadow imp (D:7)
  2 adder zombies
  An ooze (D:7)
  An adder skeleton (D:8)
  4 worms
  3 dart slugs
  7 leopard geckos
  11 orcs
  10 giant cockroaches
  2 gnoll zombies (D:9)
  4 goblins
  7 hobgoblins
  10 jackals
  7 kobolds
  5 quokkas
  2 ball pythons
  5 bats
  2 frilled lizards
  A jackal skeleton (D:6)
  A leopard gecko skeleton (D:5)
  2 leopard gecko zombies
  2 quokka skeletons
  A quokka zombie (D:9)
  7 rats
196 creatures vanquished.

Vanquished Creatures (collateral kills)
  2 yaks (D:10)
  2 wights (D:9)
  A crimson imp (D:9)
  4 orcs (D:8)
9 creatures vanquished.

Vanquished Creatures (others)
  A fungus (D:10)
  6 plants (D:10)
7 creatures vanquished.

Grand Total: 212 creatures vanquished

Notes
Turn   | Place    | Note
-------+----------+-------------------------------------------
     0 | D:1      | vatarom the Tengu Air Elementalist began the quest for the Orb.
     0 | D:1      | Reached XP level 1. HP: 10/10 MP: 4/4
   165 | D:1      | Reached XP level 2. HP: 7/15 MP: 0/6
   230 | D:1      | Learned a level 2 spell: Swiftness
   276 | D:1      | Gained mutation: You are partially covered in iridescent scales. (AC +2) [potion of mutation]
   276 | D:1      | Gained mutation: You do not regenerate when monsters are visible. [potion of mutation]
   276 | D:1      | Gained mutation: You have supernaturally acute eyesight. (SInv) [potion of mutation]
   834 | D:1      | Reached XP level 3. HP: 19/19 MP: 4/7
   839 | D:1      | Learned a level 3 spell: Static Discharge
  1374 | D:2      | Reached XP level 4. HP: 15/24 MP: 1/8
  1460 | D:2      | Found an opulent altar of Gozag.
  1928 | D:3      | Found a sparkling altar of Nemelex Xobeh.
  1928 | D:3      | Found a deep blue altar of Sif Muna.
  1933 | D:3      | Became a worshipper of Sif Muna the Loreminder
  2000 | D:3      | Reached skill level 5 in Conjurations
  2542 | D:4      | Gained mutation: You can fly. [Tengu growth]
  2542 | D:4      | Reached XP level 5. HP: 25/28 MP: 4/9
  2802 | D:4      | Noticed nikopol's ghost (amateur CeHu)
  3075 | D:4      | Reached skill level 5 in Air Magic
  3304 | D:4      | Noticed a phantom
  3608 | D:4      | Reached XP level 6. HP: 32/32 MP: 1/10
  3624 | D:4      | Reached skill level 6 in Air Magic
  3877 | D:4      | Killed nikopol's ghost
  3877 | D:4      | Reached * piety under Sif Muna
  3877 | D:4      | Reached XP level 7. HP: 17/36 MP: 1/11
  4092 | D:4      | Reached skill level 7 in Air Magic
  4098 | D:4      | Learned a level 4 spell: Airstrike
  4436 | D:5      | Entered Level 5 of the Dungeon
  4502 | D:5      | Reached skill level 8 in Air Magic
  4662 | D:5      | Found a runed door.
  4747 | D:5      | Found a runed door.
  4927 | D:5      | Reached XP level 8. HP: 39/41 MP: 10/12
  4951 | D:5      | Reached skill level 9 in Air Magic
  4976 | D:5      | Reached ** piety under Sif Muna
  5434 | D:5      | Found a staircase to the Ecumenical Temple.
  5614 | D:6      | Noticed Menkaure
  5619 | D:6      | Killed Menkaure
  5619 | D:6      | Reached skill level 10 in Air Magic
  5880 | D:6      | Noticed Gorglomux's ghost (novice TrAr)
  5913 | D:6      | Killed Gorglomux's ghost
  5913 | D:6      | Reached skill level 11 in Air Magic
  6043 | D:6      | Reached XP level 9. HP: 43/45 MP: 10/13
  6046 | D:6      | Reached *** piety under Sif Muna
  7806 | D:7      | Reached skill level 12 in Air Magic
  7907 | D:7      | Learned a level 5 spell: Lightning Bolt
  8106 | D:7      | Reached skill level 5 in Spellcasting
  8447 | D:8      | Noticed Maurice
  8450 | D:8      | Killed Maurice
  8450 | D:8      | Reached **** piety under Sif Muna
  8530 | D:8      | Reached XP level 10. HP: 34/50 MP: 2/20
  8670 | D:8      | Learned a level 4 spell: Summon Lightning Spire
  8777 | D:8      | Learned a level 1 spell: Apportation
  8864 | D:8      | Noticed Grum
  8865 | D:8      | Reached skill level 1 in Translocations
  8876 | D:8      | Killed Grum
  9219 | D:8      | Reached skill level 13 in Air Magic
  9561 | D:9      | Found an ancient bone altar of Kikubaaqudgha.
  9617 | D:9      | Noticed Prince Ribbit
  9621 | D:9      | Killed Prince Ribbit
 10434 | D:9      | Found a basalt altar of Yredelemnul.
 10555 | D:10     | Entered Level 10 of the Dungeon
 10692 | D:10     | Reached skill level 10 in Conjurations
 10693 | D:10     | Reached ***** piety under Sif Muna
 10712 | D:10     | Identified Punumakeysio's Handbook of Conjuration (Sif Muna gifted it to you on level 10 of the Dungeon)
 10712 | D:10     | Received a gift from Sif Muna
 10712 | D:10     | Reached skill level 14 in Air Magic
 10728 | D:10     | Found a staircase to the Lair.
 10740 | D:10     | Noticed a gargoyle
 10749 | D:10     | Killed from afar by a gargoyle

Skill      XL: |  1  2  3  4  5  6  7  8  9 10 |
---------------+-------------------------------+-----
Conjurations   | 2 3 4 5 6 7 8 9 10 | 10.5
Air Magic      | 5 6 8 11 12 14 | 14.3
Spellcasting   | 6 |  6.3
Translocations | 3 |  3.1
Dodging        | |  2.1
Stealth        | |  2.0

Action                   |  1- 3 |  4- 6 |  7- 9 | 10-12 || total
-------------------------+-------+-------+-------+-------++-------
Melee: Unarmed           |    12 |     3 |       |       ||    15
       Peck              |     4 |     2 |     3 |     2 ||    11
       Kick              |     3 |     4 |     8 |       ||    15
       Battleaxe         |    10 |       |       |       ||    10
       Trident           |       |    22 |    50 |     9 ||    81
 Cast: Shock             |    57 |    90 |   151 |    25 ||   323
       Static Discharge  |       |    11 |     6 |     5 ||    22
       Swiftness         |       |     1 |       |       ||     1
       Airstrike         |       |       |    51 |    40 ||    91
       Lightning Bolt    |       |       |     1 |     6 ||     7
       Summon Lightning  |       |       |       |     7 ||     7
       Apportation       |       |       |       |     3 ||     3
Invok: Divine Energy     |       |       |     1 |       ||     1
 Abil: Fly               |       |     1 |       |       ||     1
Evoke: Wand              |       |       |     9 |       ||     9
  Use: Scroll            |     4 |     8 |     5 |     4 ||    21
       Potion            |     3 |     3 |     2 |     9 ||    17
 Stab: Sleeping          |       |     2 |       |       ||     2
       Paralysed         |       |       |     6 |       ||     6
  Eat: Chunk             |     2 |     5 |    11 |    12 ||    30
       Bread ration      |       |     2 |     1 |       ||     3
       Royal jelly       |       |       |     1 |     2 ||     3
       Meat ration       |       |       |     1 |       ||     1
Armor: Robe              |    20 |    25 |    34 |    14 ||    93
       Skin              |       |       |    12 |       ||    12
Dodge: Dodged            |    30 |    38 |    57 |    41 ||   166
